 Dungeon Crawl Stone Soup version 0.18.1-48-g4cf74bf (webtiles) character file.

107 Lennu the Firebug (level 4, 24/24 HPs)
             Began as a Gargoyle Fire Elementalist on July 3, 2016.
             Quit the game on level 2 of the Dungeon.
             The game lasted 00:06:52 (3582 turns).

Lennu the Firebug (Gargoyle Fire Elementalist)      Turns: 3582, Time: 00:06:53

Health: 24/24      AC:  6    Str: 11    XL:     4   Next: 86%
Magic:  8/8        EV: 12    Int: 17    God:
Gold:   99         SH:  0    Dex: 10    Spells: 1 memorised, 7 levels left

rFire  . . .     SeeInvis .     r - +4 quarterstaff (chaos)
rCold  . . .     Gourm    .     a - +0 robe
rNeg   + . .     Faith    .     (shield currently unavailable)
rPois  ∞         Spirit   .     (no helmet)
rElec  +         Dismiss  .     s - +0 cloak
rCorr  .         Reflect  .     (no gloves)
SustAt .         Harm     +     (no boots)
MR     .....                    p - amulet of harm
Stlth  ++........               (no ring)
                                (no ring)

@: not resistant to hostile enchantments, unstealthy
A: negative energy resistance 1, electricity resistance, unbreathing,
petrification resistance, rot immunity, AC +3
a: no special abilities


You were on level 2 of the Dungeon.
You were not hungry.

You visited 1 branch of the dungeon, and saw 2 of its levels.

You collected 99 gold pieces.

Inventory:

Hand Weapons
 g - a +0 mace
 r - a +4 quarterstaff of chaos (weapon)
Armour
 a - a +0 robe (worn)
 s - a +0 cloak (worn)
Jewellery
 p - an amulet of harm (around neck)
Scrolls
 d - 3 scrolls of remove curse {unknown}
 h - 4 scrolls of identify {unknown}
 j - a scroll of immolation {unknown}
 k - a scroll of teleportation {unknown}
 t - 3 scrolls of fear {unknown}
Potions
 e - 2 potions of curing {unknown}
 i - a potion of invisibility {unknown}
 o - a potion of might {unknown}
 q - a potion of lignification {unknown}
Books
 b - a book of Flames

   Spells                             Type                      Level
   a - Flame Tongue                   Conjuration/Fire             1
   b - Throw Flame                    Conjuration/Fire             2
   c - Conjure Flame                  Conjuration/Fire             3
   d - Inner Flame                    Hexes/Fire                   3
   e - Sticky Flame                   Conjuration/Fire             4
   f - Fireball                       Conjuration/Fire             5
Comestibles
 c - 5 bread rations
 l - a meat ration
 m - a royal jelly
 n - a slice of pizza


   Skills:
 + Level 0.2 Fighting
 + Level 2.1 Dodging
 + Level 3.0 Stealth
 + Level 2.9 Spellcasting
 + Level 2.1 Conjurations
 + Level 3.6 Fire Magic


You had 7 spell levels left.
You knew the following spells:

 Your Spells              Type           Power        Failure   Level  Hunger
a - Flame Tongue          Conj/Fire      ##...        6%          1    None


Dungeon Overview and Level Annotations

Branches:
Dungeon (2/15)

Altars:
Trog


Innate Abilities, Weirdness & Mutations

You are resistant to torment.
Your stone body is resilient (AC +3).
You are immune to poison.
You resist negative energy.
You are resistant to electric shocks.
You can survive without breathing.
You are immune to petrification.
You are immune to rotting.


Message History

The flame tongue misses the bat.
The bat hits you but does no damage. x2
Casting: Flame Tongue
Confirm with . or Enter, or press ? or * to list all spells.
Aiming: Flame Tongue
Press: ? - help, Shift-Dir - straight line, f/p - bat
Aim: a bat The flame tongue misses the bat.
The bat hits you but does no damage.
Casting: Flame Tongue
Confirm with . or Enter, or press ? or * to list all spells.
Aiming: Flame Tongue
Press: ? - help, Shift-Dir - straight line, f/p - bat
Aim: a bat The flame tongue hits the bat.
You kill the bat!
You start resting.
Your magical contamination has completely faded away.
You start resting.
Magic restored.
Done exploring.
Are you sure you want to abandon this character and quit the game? (Confirm with "yes".)

#
##################
#.......##..<.....
#.#####.##.#######
#.##.......# #
#@##.##.#### #
#.......#
####.#### ##
###.############.
#......#.......#.
#.#.##.#.......#.
#....#.#.......#.
#..........[...#.
#......#.......#.


There were no monsters in sight!

Vanquished Creatures
  Crazy Yiuf (D:2)
  2 adders (D:2)
  An ooze (D:1)
  A worm (D:2)
  2 dart slugs
  4 giant geckos
  2 giant cockroaches
  7 goblins
  5 hobgoblins
  2 jackals (D:2)
  5 kobolds
  A quokka (D:2)
  5 bats
  A giant newt (D:1)
  6 rats
45 creatures vanquished.

Notes
Turn   | Place    | Note
--------------------------------------------------------------
     0 | D:1      | Lennu the Gargoyle Fire Elementalist began the quest for the Orb.
     0 | D:1      | Reached XP level 1. HP: 10/10 MP: 3/3
   573 | D:1      | Reached XP level 2. HP: 15/15 MP: 3/5
  1123 | D:1      | Reached XP level 3. HP: 19/19 MP: 4/6
  1905 | D:2      | Found a bloodstained altar of Trog.
  2647 | D:2      | Reached XP level 4. HP: 20/24 MP: 3/7
  3084 | D:2      | Noticed Crazy Yiuf
  3091 | D:2      | Killed Crazy Yiuf
  3582 | D:2      | Quit the game

Skill      XL: |  1  2  3  4 |
---------------+-------------+-----
Dodging        | 2 |  2.1
Stealth        | 3 |  3.0
Conjurations   | 2 |  2.1
Fighting       | |  0.2
Spellcasting   | |  2.9
Fire Magic     | |  3.6

Action                   |  1- 3 |  4- 6 || total
-------------------------+-------+-------++-------
Melee: Unarmed           |     2 |       ||     2
       Mace              |    34 |     1 ||    35
       Quarterstaff      |       |     4 ||     4
 Cast: Flame Tongue      |    46 |    22 ||    68
 Stab: Sleeping          |     1 |       ||     1
  Eat: Chunk             |     6 |     3 ||     9
Armor: Robe              |    13 |     7 ||    20
Dodge: Dodged            |    34 |     8 ||    42
